 Dungeon Crawl Stone Soup version 0.29.0-4-gdea44cf6ec (webtiles) character file.

Game seed: 15070639993590978764

4213 qw the Grappler (level 10, -1/96 HPs)
             Began as a Troll Cinder Acolyte on Sept 3, 2022.
             Was a Believer of Ignis.
             Succumbed to a killer bee's poison
             ... on level 7 of the Dungeon.
             The game lasted 00:03:58 (5968 turns).

qw the Grappler (Troll Cinder Acolyte)              Turns: 5968, Time: 00:03:59

Health: -1/96      AC: 15    Str: 28    XL:     10   Next: 9%
Magic:  10/10      EV:  9    Int: 10    God:    Ignis [**....]
Gold:   148        SH:  0    Dex:  5    Spells: 11/11 levels left

rFire   + + .      SeeInvis .     - Unarmed
rCold   . . .      Faith    .   (no shield)
rNeg    . . .      Spirit   .   q - +2 robe {rF+}
rPois   .          Reflect  .   (helmet restricted)
rElec   .          Harm     .   o - +1 cloak
rCorr   .          Rampage  .   (gloves unavailable)
Will    .....                   (boots unavailable)
Stlth   +.........              (no amulet)
HPRegen 1.06/turn               (no ring)
MPRegen 0.12/turn               (no ring)

@: lethally poisoned (-1 -> -14), about to teleport, fiery-armoured
A: large, unfitting armour, claws 3, regeneration 1, shaggy fur 1, tough skin 1
a: Renounce Religion, Fiery Armour, Foxfire Swarm, Rising Flame


You were on level 7 of the Dungeon.
You worshipped Ignis.
Ignis was pleased with you.
You visited 1 branch of the dungeon, and saw 7 of its levels.

You collected 395 gold pieces.
You spent 247 gold pieces at shops.


Innate Abilities, Weirdness & Mutations

You are too large for most types of armour.
You have claws for hands.
Your natural rate of healing is unusually fast.
You are covered in fur. (AC +1)
You have tough skin. (AC +1)


   Skills:
 - Level 5.0 Fighting
 - Level 1.7 Throwing
 - Level 1.4 Armour
 - Level 1.3 Dodging
 + Level 13.3 Unarmed Combat
 - Level 1.0 Spellcasting
 - Level 2.1 Fire Magic


You had 11 spell levels left.
You didn't know any spells.
Your spell library contained the following spells:

 Spells                   Type           Power      Damage    Failure   Level
 Scorch                   Fire           8%         2d5       22%         2

Inventory:

Missiles
 m - 4 boomerangs (quivered)
Armour
 o - a +1 cloak (worn)
 q - a +2 robe of fire resistance (worn)
Jewellery
 n - a ring of fire
Scrolls
 e - a scroll of identify
 f - a scroll of acquirement {unknown}
 h - a scroll of enchant weapon
 k - 2 scrolls of teleportation
Potions
 a - a potion of brilliance {unknown}
 b - 2 potions of cancellation
 c - 3 potions of curing
 d - a potion of might
 g - 3 potions of haste {unknown}
 i - a potion of lignification {unknown}
 j - 2 potions of ambrosia {unknown}
 p - a potion of mutation {unknown}

Dungeon Overview and Level Annotations

Branches:
Dungeon (7/15)             Temple (0/1) D:6

Altars:
Cheibriados
Nemelex Xobeh
Qazlal
Sif Muna
Trog

Shops:
D:1 :   D:5 [


Message History

The killer bee barely misses you. The killer bee stings you.
The killer bee is burned by your cloak of flames.
The killer bee is heavily wounded.
The killer bee misses you. The killer bee barely misses you.
5966 ||| READING 3 scrolls of teleportation.
As you read the scroll of teleportation, it crumbles to dust.
You feel strangely unstable.
You feel very sick. The killer bee barely misses you.
The killer bee stings you but does no damage.
The killer bee is burned by your cloak of flames.
The killer bee is lightly wounded.
The killer bee barely misses you.
The killer bee stings you but does no damage.
The killer bee is burned by your cloak of flames.
The killer bee is severely wounded.
The killer bee stings you but does no damage.
The killer bee is burned by your cloak of flames.
The killer bee is heavily wounded.
The killer bee barely misses you. The killer bee stings you.
The killer bee is burned by your cloak of flames.
The killer bee is moderately wounded.
The killer bee stings you but does no damage.
The killer bee is burned by your cloak of flames.
You kill the killer bee!
You closely miss the killer bee.
The killer bee is severely wounded.
You feel very sick. The killer bee stings you.
You are lethally poisoned!
The killer bee poisons you!
The killer bee is burned by your cloak of flames.
The killer bee is heavily wounded.
The killer bee stings you.
The killer bee is burned by your cloak of flames.
The killer bee is almost dead.
The killer bee completely misses you.
You miss the killer bee.
The killer bee is almost dead.
You die...

#.# #.... #.#
#.!.. #.#
#....
##.##########
###..
#.))........##
###
#............#
#.............
##.y........<.
#@...........
#yy..........
#..#.........
#..##........
#..####>.....
#..# #....
#...# ##.
.....#
.).....#


You could see 3 killer bees.

Vanquished Creatures
  A wyvern (D:7)
  Eustachio (D:5)
  A steam dragon (D:7)
  Menkaure (D:6)
  4 black bears
  2 ice beasts
  An orc warrior (D:6)
  2 ogres
  3 phantoms
  A kobold brigand (D:7)
  A necrophage (D:7)
  3 scorpions
  10 wights (D:7)
  9 killer bees (D:7)
  4 howler monkeys
  5 orc priests
  A jelly (D:5)
  A gnoll bouda (D:3)
  8 hounds
  Terence (D:3)
  Ijyb (D:4)
  5 iguanas
  8 orc wizards
  6 adders
  26 gnolls
  A white imp (D:6)
  An ufetubus (D:5)
  3 dart slugs
  26 orcs
  7 endoplasms
  2 giant cockroaches
  8 hobgoblins
  21 jackals
  21 kobolds
  3 quokkas
  5 ball pythons
  6 bats
  2 frilled lizards
  7 goblins
  4 rats (D:1)
223 creatures vanquished.

Vanquished Creatures (others)
  An orc (D:7)
1 creature vanquished.

Grand Total: 224 creatures vanquished

Notes
Turn   | Place    | Note
-------+----------+-------------------------------------------
     0 | D:1      | qw the Troll Cinder Acolyte began the quest for the Orb.
     0 | D:1      | Reached XP level 1. HP: 22/22 MP: 1/1
     0 | D:1      | 0 ||| qw: Version: 0.1-a-102-g441f92d
     0 | D:1      | 0 ||| qw: Game counter: 5089
     0 | D:1      | 0 ||| qw: Always use a shield: true
     0 | D:1      | 0 ||| qw: God list: Okawaru
     0 | D:1      | 0 ||| qw: Allow faded altars: false
     0 | D:1      | 0 ||| qw: Do Orc after D:15 true
     0 | D:1      | 0 ||| qw: Do second Lair branch before Depths: true
     0 | D:1      | 0 ||| qw: Lair rune preference: random
     0 | D:1      | 0 ||| qw: Plans: Normal
     0 | D:1      | 0 ||| PLANNING D:1-11
    35 | D:1      | 35 ||| Stepping ~*~*~tactically~*~*~ (stealth).
    41 | D:1      | 41 ||| Stepping ~*~*~tactically~*~*~ (hiding).
    52 | D:1      | Reached XP level 2. HP: 29/29 MP: 2/2
   132 | D:1      | Found a faded altar of an unknown god.
   199 | D:1      | 199 ||| Stepping ~*~*~tactically~*~*~ (outnumbered).
   202 | D:1      | 202 ||| Stepping ~*~*~tactically~*~*~ (outnumbered).
   203 | D:1      | 203 ||| Stepping ~*~*~tactically~*~*~ (outnumbered).
   206 | D:1      | 206 ||| Stepping ~*~*~tactically~*~*~ (outnumbered).
   209 | D:1      | Reached skill level 4 in Unarmed Combat
   239 | D:1      | 239 ||| Stepping ~*~*~tactically~*~*~ (outnumbered).
   240 | D:1      | 240 ||| Stepping ~*~*~tactically~*~*~ (outnumbered).
   241 | D:1      | 241 ||| Stepping ~*~*~tactically~*~*~ (outnumbered).
   242 | D:1      | 242 ||| Stepping ~*~*~tactically~*~*~ (outnumbered).
   331 | D:1      | Found Hogu Kyn's Vocational Training.
   375 | D:1      | Reached XP level 3. HP: 36/36 MP: 3/3
   650 | D:1      | 650 ||| READING scroll labelled EFIUDAUCEITT.
   651 | D:1      | 651 ||| READING scroll labelled VIDUNWA KEOTEL.
   652 | D:1      | 652 ||| READING scroll labelled SOULIE CETOHACOMAI.
   653 | D:1      | 653 ||| READING scroll labelled JAFEOCH LUUCEF.
   693 | D:2      | 693 ||| Stepping ~*~*~tactically~*~*~ (stealth).
   695 | D:2      | 695 ||| Stepping ~*~*~tactically~*~*~ (stealth).
   705 | D:2      | 705 ||| Stepping ~*~*~tactically~*~*~ (stealth).
   706 | D:2      | 706 ||| Stepping ~*~*~tactically~*~*~ (stealth).
   707 | D:2      | 707 ||| Stepping ~*~*~tactically~*~*~ (stealth).
   708 | D:2      | 708 ||| Stepping ~*~*~tactically~*~*~ (stealth).
   712 | D:2      | 712 ||| Stepping ~*~*~tactically~*~*~ (stealth).
  1048 | D:2      | Reached XP level 4. HP: 44/44 MP: 4/4
  1063 | D:2      | Reached skill level 5 in Unarmed Combat
  1095 | D:2      | 1095 ||| Stepping ~*~*~tactically~*~*~ (stealth).
  1412 | D:2      | 1412 ||| READING scroll labelled VERUGA YTAOMUI.
  1413 | D:2      | 1413 ||| READING scroll labelled UKKACS ASMO.
  1414 | D:2      | 1414 ||| DRINKING 2 puce potions.
  1498 | D:3      | 1498 ||| INVOKING Fiery Armour.
  1505 | D:3      | Reached XP level 5. HP: 44/50 MP: 5/5
  1507 | D:3      | Reached skill level 6 in Unarmed Combat
  1570 | D:3      | Noticed a black bear
  1584 | D:3      | Killed a black bear
  1585 | D:3      | Reached skill level 7 in Unarmed Combat
  1585 | D:3      | Reached XP level 6. HP: 59/59 MP: 6/6
  1646 | D:3      | 1646 ||| Stepping ~*~*~tactically~*~*~ (hiding).
  1647 | D:3      | 1647 ||| Stepping ~*~*~tactically~*~*~ (hiding).
  1846 | D:3      | 1846 ||| Stepping ~*~*~tactically~*~*~ (stealth).
  1847 | D:3      | 1847 ||| Stepping ~*~*~tactically~*~*~ (stealth).
  1950 | D:3      | Noticed Terence
  1955 | D:3      | Killed Terence
  1996 | D:3      | Found a sparkling altar of Nemelex Xobeh.
  2256 | D:3      | 2256 ||| INVOKING Fiery Armour.
  2265 | D:3      | 2265 ||| Stepping ~*~*~tactically~*~*~ (outnumbered).
  2266 | D:3      | 2266 ||| Stepping ~*~*~tactically~*~*~ (outnumbered).
  2267 | D:3      | 2267 ||| Stepping ~*~*~tactically~*~*~ (outnumbered).
  2271 | D:3      | HP: 12/59 [gnoll/+0 halberd (7)]
  2272 | D:3      | HP: 4/59 [gnoll/+0 halberd (9)]
  2276 | D:3      | 2276 ||| Stepping ~*~*~tactically~*~*~ (outnumbered).
  2277 | D:3      | 2277 ||| Stepping ~*~*~tactically~*~*~ (outnumbered).
  2278 | D:3      | 2278 ||| Stepping ~*~*~tactically~*~*~ (outnumbered).
  2279 | D:3      | 2279 ||| Stepping ~*~*~tactically~*~*~ (outnumbered).
  2279 | D:3      | HP: 8/59 [orc/+0 short sword (1)]
  2284 | D:3      | 2284 ||| Stepping ~*~*~tactically~*~*~ (outnumbered).
  2285 | D:3      | 2285 ||| Stepping ~*~*~tactically~*~*~ (outnumbered).
  2285 | D:3      | HP: 8/59 [orc/+0 dagger (1)]
  2290 | D:3      | HP: 11/59 [something (1)]
  2292 | D:3      | 2292 ||| FLEEEEING.
  2293 | D:3      | 2293 ||| FLEEEEING.
  2294 | D:3      | 2294 ||| FLEEEEING.
  2295 | D:3      | 2295 ||| FLEEEEING.
  2296 | D:3      | 2296 ||| FLEEEEING.
  2297 | D:3      | 2297 ||| FLEEEEING.
  2298 | D:3      | 2298 ||| FLEEEEING.
  2298 | D:3      | HP: 13/59 [something (2)]
  2308 | D:3      | 2308 ||| FLEEEEING.
  2311 | D:3      | HP: 14/59 [poisoned by a gnoll]
  2316 | D:3      | HP: 7/59 [poisoned by a gnoll]
  2392 | D:3      | Reached skill level 8 in Unarmed Combat
  2392 | D:3      | Reached XP level 7. HP: 66/66 MP: 7/7
  2458 | D:3      | 2458 ||| INVOKING Fiery Armour.
  2471 | D:3      | 2471 ||| FLEEEEING.
  2472 | D:3      | 2472 ||| FLEEEEING.
  2474 | D:3      | 2474 ||| FLEEEEING.
  2475 | D:3      | 2475 ||| FLEEEEING.
  2476 | D:3      | 2476 ||| FLEEEEING.
  2516 | D:3      | Reached skill level 3 in Fighting
  2534 | D:3      | 2534 ||| Stepping ~*~*~tactically~*~*~ (stealth).
  2535 | D:3      | 2535 ||| Stepping ~*~*~tactically~*~*~ (stealth).
  2536 | D:3      | 2536 ||| Stepping ~*~*~tactically~*~*~ (stealth).
  2565 | D:3      | 2565 ||| Stepping ~*~*~tactically~*~*~ (outnumbered).
  2692 | D:3      | Reached skill level 9 in Unarmed Combat
  2695 | D:3      | 2695 ||| READING 2 scrolls labelled JAORAFI PAPP.
  2700 | D:3      | 2700 ||| READING scroll labelled KASKIG PAZXYOXODI.
  2701 | D:3      | 2701 ||| READING scroll labelled HODWUN UNAUM.
  2702 | D:3      | 2702 ||| READING 2 scrolls of identify.
  2702 | D:3      | 2702 ||| IDENTIFYING metallic ruby potion
  2703 | D:3      | 2703 ||| DROPPING potion of flight.
  2732 | D:4      | 2732 ||| Stepping ~*~*~tactically~*~*~ (stealth).
  2736 | D:4      | 2736 ||| Stepping ~*~*~tactically~*~*~ (stealth).
  2739 | D:4      | Reached skill level 1 in Throwing
  2748 | D:4      | 2748 ||| Stepping ~*~*~tactically~*~*~ (stealth).
  2763 | D:4      | Reached skill level 1 in Dodging
  2858 | D:4      | Reached XP level 8. HP: 62/75 MP: 8/8
  2933 | D:4      | 2933 ||| Stepping ~*~*~tactically~*~*~ (hiding).
  2979 | D:4      | 2979 ||| Stepping ~*~*~tactically~*~*~ (stealth).
  3016 | D:4      | 3016 ||| Stepping ~*~*~tactically~*~*~ (stealth).
  3067 | D:4      | Noticed Ijyb
  3068 | D:4      | 3068 ||| Stepping ~*~*~tactically~*~*~ (hiding).
  3074 | D:4      | Killed Ijyb
  3308 | D:4      | Found a stormy altar of Qazlal.
  3354 | D:4      | 3354 ||| DRINKING 3 fuming yellow potions.
  3395 | D:5      | Entered Level 5 of the Dungeon
  3426 | D:5      | Reached skill level 10 in Unarmed Combat
  3446 | D:5      | Identified the +0 whip of Ecuash {drain, MP+9 Int+6}
  3575 | D:5      | Noticed Eustachio
  3576 | D:5      | 3576 ||| Stepping ~*~*~tactically~*~*~ (hiding).
  3586 | D:5      | Killed Eustachio
  3699 | D:5      | 3699 ||| Stepping ~*~*~tactically~*~*~ (hiding).
  3782 | D:5      | 3782 ||| INVOKING Fiery Armour.
  3950 | D:5      | 3950 ||| Stepping ~*~*~tactically~*~*~ (hiding).
  3951 | D:5      | 3951 ||| Stepping ~*~*~tactically~*~*~ (hiding).
  3953 | D:5      | 3953 ||| Stepping ~*~*~tactically~*~*~ (hiding).
  3961 | D:5      | 3961 ||| Stepping ~*~*~tactically~*~*~ (stealth).
  3981 | D:5      | 3981 ||| Stepping ~*~*~tactically~*~*~ (outnumbered).
  3982 | D:5      | 3982 ||| Stepping ~*~*~tactically~*~*~ (outnumbered).
  3983 | D:5      | 3983 ||| Stepping ~*~*~tactically~*~*~ (outnumbered).
  3984 | D:5      | 3984 ||| Stepping ~*~*~tactically~*~*~ (outnumbered).
  3985 | D:5      | 3985 ||| Stepping ~*~*~tactically~*~*~ (outnumbered).
  3985 | D:5      | Found a bloodstained altar of Trog.
  3986 | D:5      | 3986 ||| Stepping ~*~*~tactically~*~*~ (outnumbered).
  3987 | D:5      | 3987 ||| Stepping ~*~*~tactically~*~*~ (outnumbered).
  3988 | D:5      | 3988 ||| Stepping ~*~*~tactically~*~*~ (outnumbered).
  3989 | D:5      | 3989 ||| Stepping ~*~*~tactically~*~*~ (outnumbered).
  3992 | D:5      | 3992 ||| Stepping ~*~*~tactically~*~*~ (outnumbered).
  3993 | D:5      | 3993 ||| Stepping ~*~*~tactically~*~*~ (outnumbered).
  3994 | D:5      | 3994 ||| Stepping ~*~*~tactically~*~*~ (outnumbered).
  3995 | D:5      | 3995 ||| Stepping ~*~*~tactically~*~*~ (outnumbered).
  4073 | D:5      | Found Simu's Armour Emporium.
  4085 | D:5      | 4085 ||| SHOPLISTING +2 fire dragon scales (1008 gold, have
                  | 297).
  4085 | D:5      | 4085 ||| BUYING +2 robe of fire resistance (247 gold).
  4085 | D:5      | Bought a +2 robe of fire resistance for 247 gold pieces
  4085 | D:5      | 4085 ||| SHOPLISTING +2 robe of willpower (247 gold, have
                  | 50).
  4191 | D:5      | Reached skill level 11 in Unarmed Combat
  4191 | D:5      | Reached XP level 9. HP: 84/84 MP: 9/9
  4292 | D:5      | 4292 ||| UPGRADING to +0 cloak.
  4297 | D:5      | 4297 ||| UPGRADING to +2 robe of fire resistance.
  4307 | D:5      | 4307 ||| DROPPING +0 robe.
  4308 | D:5      | 4308 ||| DROPPING scarf of shadows.
  4309 | D:5      | 4309 ||| READING scroll of enchant armour.
  4309 | D:5      | 4309 ||| ENCHANTING +0 cloak.
  4310 | D:5      | 4310 ||| DRINKING 2 gluggy blue potions.
  4415 | D:5      | 4415 ||| DROPPING potion of berserk rage.
  4431 | D:6      | 4431 ||| INVOKING Fiery Armour.
  4432 | D:6      | 4432 ||| STAIRDANCE
  4492 | D:6      | 4492 ||| Stepping ~*~*~tactically~*~*~ (stealth).
  4493 | D:6      | 4493 ||| Stepping ~*~*~tactically~*~*~ (stealth).
  4619 | D:6      | Found a shimmering blue altar of Sif Muna.
  4871 | D:6      | Found a staircase to the Ecumenical Temple.
  4917 | D:6      | Found the +7 staff of the Meek {protect, meekguard}
  4922 | D:6      | Found a snail-covered altar of Cheibriados.
  4946 | D:6      | 4946 ||| Stepping ~*~*~tactically~*~*~ (outnumbered).
  5061 | D:6      | Noticed Menkaure
  5062 | D:6      | 5062 ||| Stepping ~*~*~tactically~*~*~ (hiding).
  5069 | D:6      | Killed Menkaure
  5070 | D:6      | Reached skill level 12 in Unarmed Combat
  5351 | D:6      | 5351 ||| READING scroll labelled ACSESK JIAGIKI.
  5352 | D:6      | 5352 ||| READING 2 scrolls of identify.
  5352 | D:6      | 5352 ||| IDENTIFYING bubbling white potion
  5428 | D:7      | 5428 ||| Stepping ~*~*~tactically~*~*~ (outnumbered).
  5430 | D:7      | 5430 ||| FLEEEEING.
  5431 | D:7      | 5431 ||| FLEEEEING.
  5432 | D:7      | 5432 ||| FLEEEEING.
  5435 | D:7      | 5435 ||| FLEEEEING.
  5436 | D:7      | 5436 ||| FLEEEEING.
  5437 | D:7      | 5437 ||| FLEEEEING.
  5438 | D:7      | 5438 ||| FLEEEEING.
  5439 | D:7      | 5439 ||| FLEEEEING.
  5440 | D:7      | 5440 ||| FLEEEEING.
  5441 | D:7      | 5441 ||| FLEEEEING.
  5442 | D:7      | 5442 ||| FLEEEEING.
  5443 | D:7      | 5443 ||| FLEEEEING.
  5444 | D:7      | 5444 ||| FLEEEEING.
  5445 | D:7      | 5445 ||| FLEEEEING.
  5446 | D:7      | 5446 ||| STAIRDANCE
  5499 | D:7      | 5499 ||| Stepping ~*~*~tactically~*~*~ (outnumbered).
  5571 | D:7      | 5571 ||| Stepping ~*~*~tactically~*~*~ (stealth).
  5574 | D:7      | 5574 ||| Stepping ~*~*~tactically~*~*~ (hiding).
  5575 | D:7      | 5575 ||| INVOKING Fiery Armour.
  5576 | D:7      | 5576 ||| Stepping ~*~*~tactically~*~*~ (outnumbered).
  5577 | D:7      | 5577 ||| Stepping ~*~*~tactically~*~*~ (outnumbered).
  5578 | D:7      | 5578 ||| Stepping ~*~*~tactically~*~*~ (outnumbered).
  5583 | D:7      | 5583 ||| Stepping ~*~*~tactically~*~*~ (outnumbered).
  5656 | D:7      | 5656 ||| Stepping ~*~*~tactically~*~*~ (stealth).
  5660 | D:7      | 5660 ||| Stepping ~*~*~tactically~*~*~ (outnumbered).
  5664 | D:7      | 5664 ||| Stepping ~*~*~tactically~*~*~ (outnumbered).
  5666 | D:7      | 5666 ||| Stepping ~*~*~tactically~*~*~ (outnumbered).
  5808 | D:7      | 5808 ||| INVOKING Fiery Armour.
  5812 | D:7      | 5812 ||| Stepping ~*~*~tactically~*~*~ (outnumbered).
  5813 | D:7      | 5813 ||| Stepping ~*~*~tactically~*~*~ (outnumbered).
  5815 | D:7      | Reached skill level 13 in Unarmed Combat
  5815 | D:7      | 5815 ||| Stepping ~*~*~tactically~*~*~ (outnumbered).
  5816 | D:7      | 5816 ||| Stepping ~*~*~tactically~*~*~ (outnumbered).
  5817 | D:7      | 5817 ||| Stepping ~*~*~tactically~*~*~ (hiding).
  5823 | D:7      | 5823 ||| Stepping ~*~*~tactically~*~*~ (outnumbered).
  5826 | D:7      | Reached skill level 1 in Armour
  5835 | D:7      | Reached XP level 10. HP: 77/94 MP: 10/10
  5958 | D:7      | 5958 ||| Stepping ~*~*~tactically~*~*~ (outnumbered).
  5959 | D:7      | 5959 ||| Stepping ~*~*~tactically~*~*~ (outnumbered).
  5960 | D:7      | 5960 ||| Stepping ~*~*~tactically~*~*~ (outnumbered).
  5962 | D:7      | 5962 ||| Stepping ~*~*~tactically~*~*~ (outnumbered).
  5963 | D:7      | 5963 ||| Stepping ~*~*~tactically~*~*~ (outnumbered).
  5964 | D:7      | 5964 ||| INVOKING Fiery Armour.
  5965 | D:7      | HP: 24/96 [killer bee (5)]
  5966 | D:7      | 5966 ||| READING 3 scrolls of teleportation.
  5967 | D:7      | HP: 11/96 [poisoned by a killer bee]
  5967 | D:7      | HP: 2/96 [killer bee (4)]
  5968 | D:7      | Succumbed to a killer bee's poison

Levels and vault maps discovered:
D:1:      mrwooster_arrival_statue_3, layout_basic,
          hellmonk_ecumenical_altar_lost_god, nicolae_shop_vocational
D:2:      layout_basic
D:3:      lemuel_castle_with_subvaults [lemuel_castle_interior_carwin_2],
          layout_loops_ring, nemelex_spade_bored_becter, uniq_terence
D:4:      layout_rooms, mainiacjoe_overflow_alcove_2, uniq_ijyb
D:5:      layout_cave_pods, bloody_trog, serial_shops, nicolae_shop_stone,
          amcnicky_mini_pool_small, uniq_eustachio
D:6:      layout_loops_corners, cheibriados_altar_1, led_sif_pool,
          minmay_temple_entry_overgrown, nicolae_underground_beach,
          uniq_menkaure
D:7:      layout_cave_pods, mainiacjoe_overflow_catwalk

Skill      XL: |  1  2  3  4  5  6  7  8  9 |
---------------+----------------------------+-----
Unarmed Combat | 4 5 7 8 9 11 13 | 13.3
Fighting       | 3 4 5 |  5.0
Throwing       | 1 |  1.7
Dodging        | 1 |  1.3
Armour         | 1 |  1.4
Spellcasting   | |  1.0
Fire Magic     | |  2.1

Action                   |  1- 3 |  4- 6 |  7- 9 | 10-12 || total
-------------------------+-------+-------+-------+-------++-------
Melee: Unarmed           |    99 |   105 |   279 |    21 ||   504
       Punch             |     1 |     6 |     9 |     1 ||    17
Throw: Boomerang         |       |       |   116 |     3 ||   119
Invok: Fiery Armour      |       |     2 |     5 |     1 ||     8
  Use: Scroll            |     4 |     2 |     7 |     1 ||    14
       Potion            |       |     1 |     2 |       ||     3
Armor: Robe              |    32 |    44 |    97 |    18 ||   191
Dodge: Dodged            |    44 |    48 |    98 |    24 ||   214

Table legend:
 A = Non-vault XP
 B = Vault XP
 C = Vault XP percentage of total XP
 D = Non-vault monster count
 E = Vault monster count
 F = Vault count percentage of total count
                 A         B        C        D         E       F
            +---------+---------+-------+---------+---------+-------
      Total |    4699 |    1320 |  21.9 |     168 |      55 |  24.7
            +---------+---------+-------+---------+---------+-------
        D:1 |      45 |       0 |   0.0 |      27 |       0 |   0.0
        D:2 |      67 |       0 |   0.0 |      25 |       0 |   0.0
        D:3 |     151 |     911 |  85.8 |       8 |      52 |  86.7
        D:4 |     650 |      35 |   5.1 |      27 |       1 |   3.6
        D:5 |     984 |     202 |  17.0 |      30 |       1 |   3.2
        D:6 |     672 |     172 |  20.4 |      14 |       1 |   6.7
        D:7 |    2130 |       0 |   0.0 |      37 |       0 |   0.0
            +---------+---------+-------+---------+---------+-------
